 Dungeon Crawl Stone Soup version 0.18.1-6-gd335043 (webtiles) character file.

2203 M4edhros the Spear-Bearer (level 9, -7/64 HPs)
             Began as a Formicid Fighter on May 16, 2016.
             Was a Believer of Dithmenos.
             Mangled by a two-headed ogre
             ... wielding a +0 giant club
              (17 damage)
             ... on level 8 of the Dungeon.
             The game lasted 00:08:32 (5283 turns).

M4edhros the Spear-Bearer (Formicid Fighter)        Turns: 5283, Time: 00:08:32

Health: -7/64      AC:  8    Str: 20    XL:     9   Next: 60%
Magic:  9/9        EV:  7    Int:  9    God:    Dithmenos [**....]
Gold:   310        SH:  9    Dex: 13    Spells: 0 memorised, 8 levels left

rFire  . . .     SeeInvis +     d - +2 halberd (venom)
rCold  . . .     Gourm    .     b - +0 scale mail
rNeg   . . .     Faith    .     c - +0 shield
rPois  .         Spirit   .     (helmet unavailable)
rElec  .         Dismiss  .     (no cloak)
rCorr  .         Reflect  .     A - +0 pair of gloves
SustAt .         Harm     .     (no boots)
MR     .....                    (no amulet)
Stlth  ..........               (no ring)
                                (no ring)

@: wreathed by umbra, not resistant to hostile enchantments, extremely
unstealthy
A: permanent stasis, dig shafts and tunnels, four strong arms, antennae 3
a: Dig, Shaft Self, Shadow Step, Renounce Religion


You were on level 8 of the Dungeon.
You worshipped Dithmenos.
Dithmenos was pleased with you.
You were not hungry.

You visited 2 branches of the dungeon, and saw 7 of its levels.

You collected 310 gold pieces.

Inventory:

Hand Weapons
 a - a +0 quarterstaff
 d - a +2 halberd of venom (weapon)
Missiles
 q - 6 javelins (quivered)
 w - 67 sling bullets
Armour
 b - a +0 scale mail (worn)
 c - a +0 shield (worn)
 A - a +0 pair of gloves (worn)
Jewellery
 h - an uncursed ring of ice
Wands
 r - a wand of digging (1/24)
Scrolls
 e - 4 scrolls of teleportation {unknown}
 i - 2 scrolls of amnesia {unknown}
 j - 6 scrolls of identify {unknown}
 l - a scroll of enchant weapon {unknown}
 m - a scroll of recharging {unknown}
 o - a scroll of magic mapping {unknown}
 p - a scroll of enchant armour {unknown}
 t - 3 scrolls of remove curse {unknown}
 y - a scroll of random uselessness {unknown}
Potions
 k - a potion of brilliance {unknown}
 n - a potion of mutation {unknown}
 s - 2 potions of resistance
 v - a potion of flight {unknown}
Books
 z - a book of Geomancy

   Spells                             Type                      Level
   a - Sandblast                      Earth                        1
   b - Passwall                       Transmutation/Earth          2
   c - Stone Arrow                    Conjuration/Earth            3
   d - Petrify                        Transmutation/Earth          4
   e - Lee's Rapid Deconstruction     Earth                        5
Comestibles
 f - 3 bread rations
 g - 8 beef jerkies
 u - a chunk of flesh


   Skills:
 - Level 3.2 Fighting
 + Level 11.3(11.6) Polearms
 - Level 4.1(8.4) Staves
 - Level 3.2 Armour
 - Level 3.6 Shields


You had 8 spell levels left.
You didn't know any spells.

Dungeon Overview and Level Annotations

Branches:
Dungeon (8/15)             Temple (1/1) D:4
   Lair: D:8-11

Altars:
Ashenzari
Cheibriados
Dithmenos
Elyvilon
Fedhas
Kikubaaqudgha
Makhleb
Nemelex Xobeh
Okawaru
Pakellas
Qazlal
Ru
Sif Muna
Trog
Vehumet
Xom
Yredelemnul
Zin
The Shining One

Shops:
D:4 =   D:8 :


Innate Abilities, Weirdness & Mutations

You are under a permanent stasis effect.
You can dig through walls and to a lower floor.
Your four strong arms can wield two-handed weapons with a shield.
You have a pair of large antennae on your head (SInv).


Message History

There is a stone staircase leading down here.
You are too injured to fight recklessly!
You are too injured to fight recklessly!
An orc and an orc wizard come into view.
You are too injured to fight recklessly!
An orc warrior comes into view. It is wielding a hand axe.
The orc warrior shouts!
The orc wizard shouts!
The orc shouts!
You block the orc's attack.
You are too injured to fight recklessly!
You hit the orc but do no damage.
The orc is poisoned.
You block the orc's attack.
The orc wizard gestures wildly while chanting.
The orc wizard blinks!
There is a stone staircase leading down here.
A two-headed ogre comes into view. It is wielding two giant clubs.
The two-headed ogre moves out of view.
The two-headed ogre hits you with a giant club!
* * * LOW HITPOINT WARNING * * *
The two-headed ogre hits you with a giant club!
You die...

##...# ##..## #.
#..<## #..
##...#####...
##..........
##########.....(...#
##.........[......###
#..........))...O## {
##....########..@.##
#...### #)..o.# ...##
#.)8..## .. ..##
#......#########....
..#
###.##...{>o.o......
###
#...#.............# #
#._.#.##########.##
#...### # #####


You could see a two-headed ogre and an orc.

Vanquished Creatures
  A deep elf mage (D:8)
  Purgy (D:4)
  An ice beast (D:8)
  An orc warrior (D:8)
  A phantom (D:4)
  2 ogres (D:8)
  A necrophage (D:8)
  A big kobold (D:3)
  3 giant frogs
  A water moccasin skeleton (D:5)
  2 scorpions
  3 hounds
  A centaur zombie (D:8)
  4 jellies (D:8)
  2 orc wizards
  Ijyb (D:2)
  Natasha (twice) (D:2)
  Robin (D:2)
  5 adders
  10 gnolls
  An adder zombie (D:8)
  A worm (D:2)
  6 dart slugs
  5 giant geckos
  5 orcs
  5 giant cockroaches
  45 goblins
  26 hobgoblins
  5 jackals
  A quokka (D:4)
  A ball python (D:1)
  4 bats
  A giant gecko skeleton (D:4)
  3 giant newts
  12 kobolds
  8 rats
173 creatures vanquished.

Notes
Turn   | Place    | Note
--------------------------------------------------------------
     0 | D:1      | M4edhros the Formicid Fighter began the quest for the Orb.
     0 | D:1      | Reached XP level 1. HP: 18/18 MP: 1/1
   101 | D:2      | Noticed Natasha
   107 | D:2      | Noticed an iron imp
   114 | D:2      | Reached XP level 2. HP: 8/24 MP: 2/2
   125 | D:2      | Killed Natasha
   125 | D:2      | Reached XP level 3. HP: 2/29 MP: 3/3
   444 | D:2      | Noticed Robin
   677 | D:1      | Reached XP level 4. HP: 32/35 MP: 4/4
   901 | D:1      | Reached skill level 1 in Polearms
  1071 | D:2      | Found a burning altar of Makhleb.
  1081 | D:2      | Reached skill level 2 in Polearms
  1081 | D:2      | Reached XP level 5. HP: 27/41 MP: 5/5
  1231 | D:2      | Killed Robin
  1346 | D:2      | Reached skill level 3 in Polearms
  1384 | D:2      | Noticed Ijyb
  1393 | D:2      | Killed Ijyb
  1482 | D:2      | Noticed Natasha
  1485 | D:2      | Killed Natasha
  1485 | D:2      | Reached XP level 6. HP: 38/47 MP: 6/6
  1630 | D:2      | Found a sacrificial altar of Ru.
  1642 | D:2      | Found a blossoming altar of Fedhas.
  1815 | D:2      | Found an oddly glowing altar of Pakellas.
  1955 | D:3      | Reached skill level 4 in Polearms
  2204 | D:4      | Found a staircase to the Ecumenical Temple.
  2277 | Temple   | Entered the Ecumenical Temple
  2308 | Temple   | Became a worshipper of Dithmenos the Shadowed
  2348 | D:4      | Noticed Purgy
  2355 | D:4      | Killed Purgy
  2355 | D:4      | Reached skill level 5 in Polearms
  2355 | D:4      | Reached XP level 7. HP: 46/52 MP: 7/7
  2390 | D:4      | Found a shadowy altar of Dithmenos.
  2666 | D:3      | Reached skill level 6 in Polearms
  2819 | D:3      | Found a sacrificial altar of Ru.
  3143 | D:3      | Reached * piety under Dithmenos
  3428 | D:3      | Reached skill level 7 in Polearms
  3455 | D:3      | Reached ** piety under Dithmenos
  3668 | D:4      | Reached XP level 8. HP: 58/58 MP: 8/8
  3800 | D:4      | Found Xihiotzo's Jewellery Shoppe.
  4106 | D:5      | Entered Level 5 of the Dungeon
  4114 | D:5      | Found a shimmering altar of Xom.
  4157 | D:5      | You fall through a shaft for 3 floors!
  4362 | D:8      | Reached skill level 8 in Polearms
  4395 | D:8      | Found Joco's Book Boutique.
  4480 | D:8      | Reached skill level 9 in Polearms
  4766 | D:8      | Reached XP level 9. HP: 51/63 MP: 9/9
  4861 | D:8      | Reached skill level 10 in Polearms
  5174 | D:8      | Found a glowing silver altar of Zin.
  5180 | D:8      | Noticed a deep elf mage
  5198 | D:8      | Killed a deep elf mage
  5198 | D:8      | Reached skill level 11 in Polearms
  5280 | D:8      | Noticed a two-headed ogre
  5283 | D:8      | Mangled by a two-headed ogre

Skill      XL: |  1  2  3  4  5  6  7  8  9 |
---------------+----------------------------+-----
Staves         | 3 4 |  4.1
Polearms       | 2 3 5 7 9 11 | 11.3
Fighting       | |  3.2
Armour         | |  3.2
Shields        | |  3.6

Action                   |  1- 3 |  4- 6 |  7- 9 || total
-------------------------+-------+-------+-------++-------
Melee: Quarterstaff      |    51 |     6 |       ||    57
       Halberd           |       |   153 |   318 ||   471
 Abil: Shaft Self        |       |       |     1 ||     1
  Use: Potion            |     1 |       |     3 ||     4
  Eat: Chunk             |       |     4 |     5 ||     9
       Pizza             |       |       |     1 ||     1
       Meat ration       |       |       |     1 ||     1
Armor: Scale mail        |    24 |    66 |   113 ||   203
Dodge: Dodged            |    23 |    42 |   104 ||   169
Block: Shield            |    34 |    81 |   154 ||   269
